 Dungeon Crawl Stone Soup version 0.30-a0-777-ga9a30cbeda (webtiles) character file.

Game seed: 7773813873082152940

357 sanka the Ruffian (level 6, -3/52 HPs)
             Began as a Draconian Monk on Feb 14, 2023.
             Slain by Ijyb
             ... wielding a +0 club
              (5 damage)
             ... on level 3 of the Dungeon.
             The game lasted 00:05:46 (3366 turns).

sanka the Ruffian (Draconian Monk)                  Turns: 3366, Time: 00:05:46

Health: -3/52      AC:  1    Str: 14    XL:     6   Next: 36%
Magic:  6/6        EV: 12    Int: 12    God:
Gold:   167        SH:  0    Dex: 13    Spells: 5/5 levels left

rFire   . . .      SeeInvis .      - Unarmed
rCold   . . .      Faith    .    (no shield)
rNeg    . . .      Spirit   .    (body armour unavailable)
rPois   .          Reflect  .    (helmet restricted)
rElec   .          Harm     .    (no cloak)
rCorr   .          Rampage  .    p - +2 pair of gloves
Will    .....                    (no boots)
Stlth   ++                       (no amulet)
HPRegen 0.28/turn                (no ring)
MPRegen 0.10/turn                j - ring of flight

@: corroded, flying
A: AC +6, unfitting armour, cold-blooded
a: no special abilities


You were on level 3 of the Dungeon.
You visited 1 branch of the dungeon, and saw 3 of its levels.
You also visited: Sewer.

You collected 167 gold pieces.


Innate Abilities, Weirdness & Mutations

Your plain brown scales are hard. (AC +6)
You cannot fit into any form of body armour.
You are cold-blooded and may be slowed by cold attacks.


   Skills:
 - Level 4.0 Fighting
 - Level 2.6 Dodging
 - Level 1.7 Stealth
 + Level 6.9 Unarmed Combat


You had 5 spell levels left.
You didn't know any spells.
Your spell library was empty.

Inventory:

Armour
 c - a +0 pair of gloves
 p - a +2 pair of gloves (worn)
Jewellery
 j - a ring of flight (right hand)
Wands
 g - a wand of polymorph (11)
Scrolls
 b - a scroll of magic mapping {unknown}
 d - 3 scrolls of blinking {unknown}
 i - a scroll of amnesia {unknown}
 m - a scroll of brand weapon {unknown}
 n - a scroll of fear {unknown}
 q - a scroll of torment {unknown}
 r - 2 scrolls of identify {unknown}
 t - a scroll of teleportation {unknown}
Potions
 a - a potion of ambrosia
 e - a potion of heal wounds {unknown}
 f - 2 potions of mutation {!q}
 h - 2 potions of degeneration {!q}
 k - a potion of cancellation
 l - 3 potions of haste {unknown}
 o - a potion of brilliance {unknown}
 s - 5 potions of flight
 u - a potion of might

Dungeon Overview and Level Annotations

Branches:
Dungeon (3/15)              Sewer (visited)

Altars:

Annotations:
D:2 Terence
D:3 Ijyb

.▒.▒ ▒.▒ ▒.▒▒▒.▒▒▒.▒.▒▒.. ▒▒.▒
▒.▒ ▒.▒▒.▒▒ ▒▒...... ▒▒.▒ ▒.▒
▒.▒▒▒.▒▒▒.▒.▒▒.▒ ▒▒.▒ ▒▒.▒▒
▒.▒▒...▒.▒▒▒▒▒.▒ ...▒
▒)..▒▒▒▒........▒~▒▒▒.▒
▒▒▒▒▒▒▒▒▒▒▒.▒.............▒.▒...▒
▒ ▒...........▒▒▒.▒.....▒▒~▒▒▒.▒
▒ ▒.▒▒▒▒▒▒▒▒...▒▒.▒▒...▒▒▒~▒ ▒.▒
▒▒▒▒.▒ ▒....d..▒▒▒▒▒▒ ▒~▒ ▒.▒
...▒.▒▒▒▒▒▒▒▒..g▒▒▒▒▒▒▒▒▒ ▒~▒ ▒.▒
.▒..................g...▒ ▒~▒▒▒.▒
...▒.▒▒▒▒▒▒▒▒▒▒▒▒▒▒▒▒▒▒.. ▒~▒...▒
.....▒ ▒÷▒..▒▒ ▒.▒▒▒▒ ▒...▒▒ ..▒
▒▒▒▒▒ ▒▒▒


You could see Ijyb.


Message History

Ijyb is heavily wounded.
Unknown command.
You hit Ijyb. Your punch misses Ijyb.
Ijyb is severely wounded.
Ijyb misses you.
Unknown command.
You barely miss Ijyb.
Ijyb is severely wounded.
Ijyb screams, "Me kill you!" Ijyb hits you with a +0 club.
* * * LOW HITPOINT WARNING * * *
You hit Ijyb.
Ijyb is severely wounded.
Ijyb hits you with a +0 club!
* * * LOW HITPOINT WARNING * * *
Unknown command.
You hit Ijyb but do no damage.
Your tail-slap misses Ijyb.
Ijyb is severely wounded.
Ijyb hits you with a +0 club.
* * * LOW HITPOINT WARNING * * *
You hit Ijyb but do no damage.
Ijyb is severely wounded.
Ijyb barely misses you.
Unknown command.
You hit Ijyb but do no damage.
Ijyb is severely wounded.
Ijyb hits you with a +0 club.
You die...

Action                     |  1- 3 |  4- 6 || total
---------------------------+-------+-------++-------
  Melee: Unarmed           |   103 |   306 ||   409
         Tailslap          |    12 |    38 ||    50
         Punch             |     1 |     6 ||     7
    Use: Potion            |       |     2 ||     2
   Stab: Sleeping          |     6 |     5 ||    11
         Distracted        |     1 |       ||     1
 Armour: Skin              |    33 |   104 ||   137
  Dodge: Dodged            |    57 |   172 ||   229

Levels and vault maps discovered:
D:1:      dpeg_arrival_simpleton_c, layout_loops_ring
D:2:      layout_basic, shapermc_ecumenical_altar_hornbeckon, uniq_terence
D:3:      layout_loops_ring, portal_sewer_entry_d, uniq_ijyb

Notes
Turn   | Place    | Note
-------+----------+-------------------------------------------
     0 | D:1      | sanka the Draconian Monk began the quest for the Orb.
     0 | D:1      | Reached XP level 1. HP: 19/19 MP: 1/1
   218 | D:1      | Reached XP level 2. HP: 13/26 MP: 2/2
   834 | D:2      | Reached skill level 4 in Fighting
   838 | D:2      | Reached XP level 3. HP: 24/33 MP: 3/3
  1023 | D:2      | Noticed Terence
  1178 | D:2      | Found a faded altar of an unknown god.
  1229 | D:2      | Reached skill level 4 in Unarmed Combat
  1598 | D:3      | Reached XP level 4. HP: 28/40 MP: 4/4
  1684 | D:3      | Reached skill level 5 in Unarmed Combat
  1917 | D:3      | Found a glowing drain.
  1935 | D:3      | Reached XP level 5. HP: 46/46 MP: 5/5
  1944 | Sewer    | Entered a sewer
  2129 | Sewer    | Reached skill level 6 in Unarmed Combat
  2438 | Sewer    | Reached XP level 6. HP: 52/52 MP: 6/6
  3325 | D:3      | Noticed Ijyb
  3363 | D:3      | HP: 4/52 [Ijyb/+0 club (7)]
  3366 | D:3      | Slain by Ijyb

Vanquished Creatures
  2 orc priests (D:3)
  An orc wizard (D:3)
  6 river rats (Sewer)
  8 adders
  7 worms
  2 dart slugs
  10 orcs
  9 endoplasms
  2 giant cockroaches
  5 goblins
  5 hobgoblins
  3 jackals (Sewer)
  3 kobolds (D:1)
  6 quokkas
  14 ball pythons
  13 bats
  2 frilled lizards
  5 rats
103 creatures vanquished.

Vanquished Creatures (others)
  An orc wizard (D:3)
1 creature vanquished.

Grand Total: 104 creatures vanquished
